 Dungeon Crawl Stone Soup version 0.26-a0-753-g4680b4fa2e (webtiles) character file.

Game seed: 11886007187972061522

7347 Forecaster the Tainter (level 11, -9/91 HPs)
             Began as a Naga Venom Mage on Nov 7, 2020.
             Was an Elder of Dithmenos.
             Mangled by a six-headed hydra (11 damage)
             ... on level 1 of the Lair of Beasts.
             The game lasted 00:54:49 (10488 turns).

Forecaster the Tainter (Naga Venom Mage)           Turns: 10488, Time: 00:54:49

Health: -9/91      AC: 10    Str: 10    XL:     11   Next: 13%
Magic:  22/22      EV: 12    Int: 20    God:    Dithmenos [****..]
Gold:   376        SH:  0    Dex: 20    Spells: 11/25 levels left

rFire    + . .     SeeInvis +   M - +4 rapier "Wuixas" {venom, Fragile +Blink Int+2 Dex+7}
rCold    + . .     Faith    .   (no shield)
rNeg     . . .     Spirit   .   C - +2 robe {rC+ rF+}
rPois    +         Reflect  .   (no helmet)
rElec    .         Harm     .   (no cloak)
rCorr    .         Rampage  .   (no gloves)
MR       +....                  (no barding)
Stlth    ++++++....             y - amulet of regeneration
HPRegen  0.65/turn              F - ring of stealth
MPRegen  0.18/turn              w - +4 ring of protection

@: about to teleport, wreathed by umbra, very slow
A: large, see invisible, deformed body, poison resistance, slowness 2, spit
poison 1, AC +3
a: Spit Poison, Shadow Step, Renounce Religion, Evoke Blink


You were on level 1 of the Lair of Beasts.
You worshipped Dithmenos.
Dithmenos was greatly pleased with you.
You visited 3 branches of the dungeon, and saw 11 of its levels.
You also visited: Ossuary.

You collected 639 gold pieces.
You spent 263 gold pieces at shops.

Inventory:

Hand Weapons
 f - a +2 war axe of flaming
 o - a +2 hunting sling of flaming
 I - a +4 dire flail of protection
 M - the +4 rapier "Wuixas" (weapon) {venom, Fragile +Blink Int+2 Dex+7}
   (You found it on level 6 of the Dungeon)

   It poisons the flesh of those it strikes.
   It affects your intelligence (+2).
   It affects your dexterity (+7).
   It lets you blink.
   It will be destroyed if unequipped.
 S - a +3 quarterstaff
 V - a +1 war axe of electrocution
 W - a cursed -2 short sword
Missiles
 z - 44 poisoned darts (quivered)
Armour
 a - a +0 robe
 l - a +0 robe
 C - a +2 robe of resistance (worn)
Jewellery
 b - an uncursed ring of protection from magic
 j - an uncursed ring of positive energy
 w - a +4 ring of protection (right hand)
 y - an amulet of regeneration (around neck)
 F - a ring of stealth (left hand)
 K - an uncursed ring of poison resistance
 T - an uncursed amulet of the acrobat
Wands
 d - a wand of random effects (15)
 g - a wand of acid (5)
 t - a wand of flame (30)
 L - a wand of paralysis (17)
 Y - a wand of polymorph (8)
Scrolls
 c - 5 scrolls of teleportation
 h - 4 scrolls of fog {unknown}
 i - 7 scrolls of remove curse {unknown}
 q - 3 scrolls of fear {unknown}
 u - 4 scrolls of enchant armour
 v - a scroll of immolation {unknown}
 x - a scroll of random uselessness {unknown}
 B - a scroll of magic mapping {unknown}
 E - a scroll of acquirement {unknown}
 G - 3 scrolls of enchant weapon {unknown}
 P - 2 scrolls of amnesia {unknown}
 R - a scroll of blinking
Potions
 e - 3 potions of resistance
 k - 4 potions of brilliance
 m - 5 potions of curing
 n - 2 potions of heal wounds
 p - 2 potions of haste
 r - 3 potions of magic
 s - 2 potions of flight
 D - 4 potions of mutation
 H - 2 potions of attraction
 J - a potion of cancellation {unknown}
 N - 4 potions of berserk rage {unknown}
 O - 4 potions of might
 Q - 3 potions of ambrosia {unknown}
 X - a potion of invisibility


   Skills:
 + Level 3.6 Fighting
 + Level 6.6 Short Blades
 + Level 2.1(2.4) Axes
 + Level 1.8(2.3) Maces & Flails
 + Level 3.7 Dodging
 + Level 5.8 Stealth
 + Level 7.9 Spellcasting
 + Level 2.7 Transmutations
 + Level 1.9 Fire Magic
 + Level 0.9 Ice Magic
 + Level 6.2 Air Magic
 + Level 10.8 Poison Magic


You had 11 spell levels left.
You knew the following spells:

 Your Spells              Type           Power        Failure   Level
a - Sting                 Tmut/Pois      ####         1%          1
b - Poisonous Vapours     Pois/Air       #####.       1%          2
c - Olgreb's Toxic Radia  Pois           ######..     1%          4
d - Ignite Poison         Fire/Tmut/Pois ####....     3%          3
e - Freeze                Ice            ##..         6%          1
f - Ozocubu's Armour      Ice            ##......     19%         3

Your spell library contained the following spells:

 Spells                   Type           Power        Failure   Level
 Mephitic Cloud           Conj/Pois/Air  ####....     2%          3
 Frozen Ramparts          Ice            ##....       19%         3
 Hailstorm                Conj/Ice       #.......     56%         4
 Summon Ice Beast         Ice/Summ       #.......     56%         4


Dungeon Overview and Level Annotations

Branches:
Dungeon (9/15)             Temple (1/1) D:6            Lair (1/6) D:9
Ossuary (visited)
    Orc: D:9-12

Altars:
Ashenzari
Dithmenos
Gozag
Nemelex Xobeh
Qazlal
Ru
Sif Muna
Trog
Vehumet
Wu Jian
Xom
Yredelemnul
Zin
The Shining One

Shops:
D:6 ?

Annotations:
D:4 2 runed translucent doors, triki's ghost, amateur GnEn
Lair:1 Erica


Innate Abilities, Weirdness & Mutations

You cannot wear boots.
Your serpentine skin is tough. (AC +3)
You have supernaturally acute eyesight. (SInv)
Armour fits poorly on your strangely shaped body.
Your system is resistant to poisons. (rPois)
You cover ground very slowly.
You can spit poison.


Message History

The six-headed hydra bites you.
The six-headed hydra bites you but does no damage.
The six-headed hydra misses you.
The six-headed hydra bites you but does no damage.
The six-headed hydra closely misses you.
You hit the six-headed hydra.
The six-headed hydra is lightly wounded.
The six-headed hydra bites you! x2; The six-headed hydra bites you.
The six-headed hydra bites you but does no damage.
The six-headed hydra bites you!
The six-headed hydra bites you but does no damage.
As you read the scroll of teleportation, it crumbles to dust.
You feel strangely unstable. The six-headed hydra bites you!
* * * LOW HITPOINT WARNING * * *
The six-headed hydra bites you!
* * * LOW HITPOINT WARNING * * *
The six-headed hydra bites you!
* * * LOW HITPOINT WARNING * * *
The six-headed hydra bites you!
You die...

####### ############ ## ......##
##..(.......# ##.
.......###.).........## #..
......................# #.
.....................# #.
................@D..# #.
#..................P# #.
##................##### ### #.
......................###.######.
.................................
......................#####......
......................# ###.##.
......................# #.###
.....................## #.. .


You could see a six-headed hydra.

Vanquished Creatures
  2 two-headed ogres
  An elephant (D:9)
  A cane toad (Lair:1)
  A polar bear (Lair:1)
  A hornet (D:9)
  Sigmund (D:2)
  A yak (D:9)
  A basilisk (D:9)
  Edmund (D:5)
  A soldier ant (D:8)
  3 water moccasins
  2 orc warriors (D:9)
  2 sky beasts (D:7)
  A black bear (D:9)
  An ogre (D:8)
  2 phantoms (D:5)
  4 centaurs
  A big kobold (D:9)
  Blork the orc (D:4)
  9 bullfrogs
  2 gnoll sergeants
  A wyvern zombie (D:9)
  4 scorpions
  3 killer bees (D:9)
  A centaur zombie (Ossuary)
  2 bullfrog zombies (Ossuary)
  4 jellies
  9 orc wizards
  A centaur skeleton (D:6)
  3 orc priests
  A gnoll shaman (D:7)
  9 hounds
  4 bullfrog skeletons
  Ijyb (D:3)
  3 worker ants
  A hound zombie (Ossuary)
  A hound skeleton (D:7)
  17 mummies (Ossuary)
  A howler monkey zombie (Ossuary)
  4 worker ant zombies
  14 gnolls
  9 adders
  2 shadow imps
  A white imp (D:7)
  2 oozes
  An adder zombie (D:6)
  A worm (D:2)
  3 dart slugs
  A leopard gecko (D:7)
  16 orcs
  3 ball pythons
  3 bats
  2 giant cockroaches
  3 goblins
  5 hobgoblins
  7 jackals
  5 quokkas
  8 frilled lizards
  9 kobolds
  A quokka skeleton (D:5)
  A quokka zombie (Ossuary)
  8 rats
214 creatures vanquished.

Vanquished Creatures (others)
  4 plants
  6 withered plants (Ossuary)
10 creatures vanquished.

Grand Total: 224 creatures vanquished

Notes
Turn   | Place    | Note
-------+----------+-------------------------------------------
     0 | D:1      | Forecaster the Naga Venom Mage began the quest for the Orb.
     0 | D:1      | Reached XP level 1. HP: 15/15 MP: 3/3
   180 | D:1      | Reached XP level 2. HP: 17/22 MP: 0/5
   184 | D:1      | Learned a level 2 spell: Poisonous Vapours
  1276 | D:1      | Reached XP level 3. HP: 28/28 MP: 1/6
  1878 | D:2      | Reached skill level 1 in Air Magic
  2396 | D:2      | Noticed Sigmund
  2401 | D:2      | Killed Sigmund
  2401 | D:2      | Reached skill level 1 in Short Blades
  2401 | D:2      | Reached skill level 5 in Poison Magic
  2401 | D:2      | Reached XP level 4. HP: 24/36 MP: 0/9
  2401 | D:2      | Reached XP level 5. HP: 28/42 MP: 0/10
  2531 | D:2      | Found a bloodstained altar of Trog.
  2533 | D:2      | Found a basalt altar of Yredelemnul.
  2538 | D:2      | Found a sacrificial altar of Ru.
  2538 | D:2      | Found a broken altar of Ashenzari.
  2539 | D:2      | Found an ornate altar of the Wu Jian Council.
  2542 | D:2      | Found a shadowy altar of Dithmenos.
  2548 | D:2      | Became a worshipper of Dithmenos the Shadowed
  2942 | D:3      | Found a faded altar of an unknown god.
  3191 | D:3      | Noticed Ijyb
  3196 | D:3      | Killed Ijyb
  3196 | D:3      | Reached XP level 6. HP: 49/49 MP: 2/11
  3204 | D:3      | Learned a level 4 spell: Olgreb's Toxic Radiance
  3208 | D:3      | Learned a level 3 spell: Ignite Poison
  3357 | D:3      | Found an opulent altar of Gozag.
  3358 | D:3      | Found a glowing silver altar of Zin.
  3605 | D:3      | Found a shimmering altar of Xom.
  3608 | D:3      | Found a shimmering altar of Xom.
  3611 | D:3      | Found a shimmering altar of Xom.
  3620 | D:3      | Found a shimmering altar of Xom.
  3621 | D:3      | Found a shimmering altar of Xom.
  4135 | D:4      | Found a stormy altar of Qazlal.
  4187 | D:4      | Found a large runed translucent door.
  4187 | D:4      | Found a large runed translucent door.
  4189 | D:4      | Noticed triki's ghost (amateur GnEn)
  4344 | D:4      | Noticed Blork the orc
  4349 | D:4      | Killed Blork the orc
  4349 | D:4      | Reached skill level 6 in Poison Magic
  4666 | D:5      | Entered Level 5 of the Dungeon
  4782 | D:5      | Reached * piety under Dithmenos
  4937 | D:5      | Noticed a phantom
  5049 | D:5      | Killed a phantom
  5049 | D:5      | Reached XP level 7. HP: 36/55 MP: 13/13
  5454 | D:5      | Reached skill level 1 in Axes
  5575 | D:5      | Noticed Edmund
  5588 | D:5      | Killed Edmund
  5588 | D:5      | Reached skill level 1 in Fighting
  5588 | D:5      | Reached skill level 7 in Poison Magic
  5588 | D:5      | Reached XP level 8. HP: 42/64 MP: 3/15
  5895 | D:5      | Reached skill level 5 in Spellcasting
  6312 | D:6      | Reached skill level 1 in Maces & Flails
  6444 | D:6      | Found a staircase to the Ecumenical Temple.
  6501 | Temple   | Entered the Ecumenical Temple
  6574 | D:6      | Got a polished rapier
  6586 | D:6      | Found a sand-covered staircase.
  6609 | Ossuary  | Entered an ossuary
  6610 | Ossuary  | Identified the +4 rapier "Wuixas" {venom, Fragile +Blink
                  | Int+2 Dex+7} (You found it on level 6 of the Dungeon)
  6650 | Ossuary  | Reached skill level 8 in Poison Magic
  6756 | Ossuary  | Learned a level 1 spell: Freeze
  6772 | Ossuary  | Reached ** piety under Dithmenos
  6784 | Ossuary  | Reached XP level 9. HP: 64/73 MP: 17/17
  7058 | D:6      | Found Haze's Magic Scroll Shoppe.
  7066 | D:6      | Bought a scroll of identify for 22 gold pieces
  7066 | D:6      | Bought a scroll of blinking for 82 gold pieces
  7066 | D:6      | Bought a scroll of teleportation for 33 gold pieces
  7066 | D:6      | Bought a scroll of enchant armour for 82 gold pieces
  7066 | D:6      | Bought 2 scrolls of identify for 44 gold pieces
  7513 | D:7      | Reached skill level 1 in Fire Magic
  7838 | D:7      | Reached skill level 5 in Stealth
  8355 | D:8      | Reached skill level 9 in Poison Magic
  8579 | D:8      | Noticed a two-headed ogre
  8587 | D:8      | Killed a two-headed ogre
  8587 | D:8      | Reached skill level 5 in Short Blades
  8587 | D:8      | Reached skill level 5 in Air Magic
  8587 | D:8      | Reached XP level 10. HP: 84/84 MP: 7/20
  8603 | D:8      | Reached *** piety under Dithmenos
  8667 | D:8      | Found a sparkling altar of Nemelex Xobeh.
  8669 | D:8      | Found a radiant altar of Vehumet.
  9223 | D:9      | Noticed a two-headed ogre
  9228 | D:9      | Killed a two-headed ogre
  9228 | D:9      | Reached skill level 10 in Poison Magic
  9327 | D:9      | Noticed an elephant
  9343 | D:9      | Killed an elephant
  9530 | D:9      | Found a glowing golden altar of the Shining One.
  9678 | D:9      | Found a staircase to the Lair.
  9895 | D:9      | Reached XP level 11. HP: 91/91 MP: 12/22
  9897 | D:9      | Reached **** piety under Dithmenos
 10224 | Lair:1   | Entered Level 1 of the Lair of Beasts
 10274 | Lair:1   | Learned a level 3 spell: Ozocubu's Armour
 10368 | Lair:1   | Noticed a six-headed hydra
 10371 | Lair:1   | Noticed Erica
 10479 | Lair:1   | Noticed a six-headed hydra
 10488 | Lair:1   | HP: 2/91 [six-headed hydra (11)]
 10488 | Lair:1   | Mangled by a six-headed hydra

Illustrated notes

Levels and vault maps discovered:
D:1:      evilmike_arrival_plus, layout_loops_corners
D:2:      layout_basic, minitemple, uniq_sigmund
D:3:      layout_rooms, grunt_temple_overflow_gold_and_silver, xom_redecorated,
          chequers_ecumenical_altar_simple, uniq_ijyb
D:4:      layout_loops_cross, ebering_ghost_disaster_area,
          nicolae_qazlal_eye_of_the_storm, uniq_blork_the_orc
D:5:      minmay_razor_zed, layout_loops_corners, uniq_edmund
D:6:      layout_basic, minmay_temple_entry_ruins, serial_shops, shop_fountains,
          nicolae_ossuary_entry_false_entrances, chequers_serial_rivers_micro_b
D:7:      layout_basic, serial_park_tiny_1
D:8:      layout_rooms, gammafunk_temple_overflow_pools
D:9:      layout_rooms, tso_metal_star, david_lair_generic
Temple:   eino_wide_crystal_templ
Lair:1:   layout_gridlike, lemuel_fruit_fields, uniq_sonja, uniq_erica

Skill      XL: |  1  2  3  4  5  6  7  8  9 10 11 |
---------------+----------------------------------+-----
Air Magic      | 2 3 4 5 6 |  6.2
Short Blades   | 1 2 5 6 |  6.6
Spellcasting   | 3 4 5 6 7 |  7.9
Poison Magic   | 5 6 7 8 9 10 | 10.8
Stealth        | 4 5 |  5.8
Axes           | 2 |  2.1
Dodging        | 2 3 |  3.7
Fighting       | 1 2 3 |  3.6
Maces & Flails | 1 |  1.8
Fire Magic     | 1 |  1.9
Transmutations | 2 |  2.7
Ice Magic      | |  0.9

Action                   |  1- 3 |  4- 6 |  7- 9 | 10-12 || total
-------------------------+-------+-------+-------+-------++-------
Melee: Unarmed           |     4 |       |       |       ||     4
       Dagger            |    36 |    18 |       |       ||    54
       Hand axe          |       |    40 |    46 |       ||    86
       Rapier            |       |       |   208 |    77 ||   285
       Dire flail        |       |       |    35 |       ||    35
Throw: Dart              |       |       |       |     1 ||     1
 Cast: Sting             |     9 |       |       |       ||     9
       Poisonous Vapours |    25 |    47 |    56 |    43 ||   171
       Ignite Poison     |       |     3 |    17 |    14 ||    34
       Olgreb's Toxic Ra |       |     3 |     7 |     8 ||    18
       Freeze            |       |       |     1 |       ||     1
  Use: Scroll            |       |       |    12 |     7 ||    19
       Potion            |       |       |     4 |     1 ||     5
 Stab: Sleeping          |     1 |     1 |     4 |     5 ||    11
       Distracted        |       |       |       |     1 ||     1
Armor: Robe              |     1 |    13 |    99 |    27 ||   140
Dodge: Dodged            |    20 |    20 |   138 |    57 ||   235

Table legend: (Time is in decaauts)
 A = Elapsed time spent in this place.
 B = Non-inter-level travel time spent in this place.
 C = Inter-level travel time spent in this place.
 D = Time resting spent in this place.
 E = Time spent auto-exploring this place.
 F = Levels seen in this place.
 G = Mean time per level.
                   A        B        C        D        E       F      G
               +--------+--------+--------+--------+--------+-----+--------+
         Total |  12836 |  12495 |    341 |    708 |   8846 |  12 | 1069.7 |
       Dungeon |  12035 |  11694 |    341 |    628 |   8682 |   9 | 1337.2 |
        Temple |      1 |      1 |      0 |      0 |      0 |   1 |    1.0 |
          Lair |    325 |    325 |      0 |     80 |     78 |   1 |  325.0 |
       Ossuary |    473 |    473 |      0 |      0 |     84 |   1 |  473.0 |
               +--------+--------+--------+--------+--------+-----+--------+

Top non-repeatable levels by time:
     D:5: 1902 daAuts
     D:2: 1843 daAuts
     D:1: 1753 daAuts
     D:7: 1441 daAuts
     D:9: 1382 daAuts
     D:4: 1176 daAuts
     D:3: 940 daAuts
     D:6: 874 daAuts
     D:8: 721 daAuts
 Ossuary: 473 daAuts
  Lair:1: 325 daAuts
  Temple: 1 daAuts
